 Dungeon Crawl Stone Soup version 0.30-a0-137-gd8773701ce (webtiles) character file.

Game seed: 9939104150742542919

1257 ragingrage the Twirler (level 8, -1/61 HPs)
             Began as a Gnoll Wanderer on Sept 23, 2022.
             Slain by a gnoll sergeant
             ... wielding a +6 spear of flaming
              (9 damage)
             ... on level 6 of the Dungeon.
             The game lasted 00:06:26 (8116 turns).

ragingrage the Twirler (Gnoll Wanderer)             Turns: 8116, Time: 00:06:27

Health: -1/61      AC: 11    Str:  9    XL:     8   Next: 51%
Magic:  17/17      EV: 11    Int: 20    God:
Gold:   234        SH:  0    Dex: 14    Spells: 16/19 levels left

rFire   + . .      SeeInvis .    a - +2 quarterstaff
rCold   . . .      Faith    .    (shield currently unavailable)
rNeg    . . .      Spirit   .    g - +0 ring mail {rF+}
rPois   .          Reflect  .    q - +0 helmet
rElec   .          Harm     .    (no cloak)
rCorr   .          Rampage  .    j - +0 pair of gloves
Will    .....                    o - +2 pair of boots
Stlth   ++........               d - amulet of the acrobat
HPRegen 0.20/turn                b - +6 ring of intelligence
MPRegen 0.15/turn                (no ring)

@: very slightly contaminated
A: fangs 1, strong nose, distributed training
a: no special abilities


You were on level 6 of the Dungeon.
You visited 2 branches of the dungeon, and saw 7 of its levels.

You collected 234 gold pieces.

Inventory:

Hand Weapons
 a - a +2 quarterstaff (weapon)
 f - a +1 hand axe of freezing
Missiles
 t - 5 poisoned darts
Armour
 g - a +0 ring mail of fire resistance (worn)
 j - a +0 pair of gloves (worn)
 o - a +2 pair of boots (worn)
 q - a +0 helmet (worn)
Jewellery
 b - a +6 ring of intelligence (left hand)
 d - an amulet of the acrobat (around neck)
Wands
 y - a wand of flame (8)
Scrolls
 h - a scroll of magic mapping {unknown}
 l - 4 scrolls of teleportation
 r - 4 scrolls of identify
 s - 2 scrolls of butterflies {unknown}
 u - a scroll of immolation {unknown}
 x - a scroll of vulnerability {unknown}
Potions
 c - a potion of berserk rage
 e - 2 potions of might
 k - a potion of resistance {unknown}
 m - 2 potions of flight
 n - a potion of heal wounds {unknown}
 p - a potion of curing
 v - 2 potions of haste
 w - a potion of cancellation {unknown}


   Skills:
 + Level 4.4 Fighting
 + Level 3.4 Short Blades
 + Level 3.4 Long Blades
 + Level 3.4 Axes
 + Level 3.4 Maces & Flails
 + Level 3.4 Polearms
 + Level 7.5 Staves
 + Level 3.4 Ranged Weapons
 + Level 3.4 Throwing
 + Level 4.4 Armour
 + Level 3.4 Dodging
 + Level 5.5 Stealth
 + Level 3.4 Shields
 + Level 3.4 Unarmed Combat
 + Level 6.1 Spellcasting
 + Level 2.8 Conjurations
 + Level 2.8 Hexes
 + Level 2.8 Summonings
 + Level 2.8 Necromancy
 + Level 2.8 Translocations
 + Level 2.8 Transmutations
 + Level 2.8 Fire Magic
 + Level 2.8 Ice Magic
 + Level 3.6 Air Magic
 + Level 2.8 Earth Magic
 + Level 2.8 Poison Magic
 + Level 3.8 Invocations
 + Level 3.4 Evocations


You had 16 spell levels left.
You knew the following spells:

 Your Spells              Type           Power      Damage    Failure   Level
a - Shock                 Conj/Air       76%        1d7       7%          1
b - Wereblood             Tmut           17%        N/A       12%         2

Your spell library contained the following spells:

 Spells                   Type           Power      Damage    Failure   Level
 Apportation              Tloc           34%        N/A       9%          1
 Necrotise                Necr           68%        1d7       9%          1
 Summon Small Mammal      Summ           68%        N/A       9%          1
 Sublimation of Blood     Necr           17%        N/A       12%         2
 Swiftness                Air            20%        N/A       17%         3
 Gell's Gravitas          Tloc           17%        N/A       24%         3
 Lesser Beckoning         Tloc           17%        N/A       24%         3
 Teleport Other           Tloc           17%        N/A       24%         3
 Summon Hydra             Summ           8%         N/A       100%        7


Dungeon Overview and Level Annotations

Branches:
Dungeon (6/15)             Temple (1/1) D:4

Altars:
Ashenzari
Elyvilon
Fedhas
Gozag
Kikubaaqudgha
Makhleb
Nemelex Xobeh
Okawaru
Qazlal
Ru
Sif Muna
Trog
Uskayaw
Vehumet
Wu Jian
Yredelemnul
Zin

Annotations:
D:5 Eustachio


Innate Abilities, Weirdness & Mutations

You have very sharp teeth.
Your uncanny sense of smell can sniff out nearby items.
Your experience applies equally to all skills.


Message History

The gnoll sergeant hits you from afar with a +6 spear of flaming!
Aiming: Shock (safe; 7% risk of failure)
Press: ? - help, Q - select action, (/) - cycle Shift-Dir - straight line, f/p - gnoll sergeant
Aim: a gnoll sergeant, wielding a +6 spear of flaming and wearing a +0 scale mail (severely wounded, 79% to hit)
The zap misses the gnoll sergeant.
The zap hits the gnoll!
You kill the gnoll!
The gnoll sergeant hits you from afar with a +6 spear of flaming.
Aiming: Shock (safe; 7% risk of failure)
Press: ? - help, Q - select action, (/) - cycle Shift-Dir - straight line, f/p - gnoll sergeant
Aim: a gnoll sergeant, wielding a +6 spear of flaming and wearing a +0 scale mail (severely wounded, 79% to hit)
The zap misses the gnoll sergeant.
The gnoll sergeant hits you from afar with a +6 spear of flaming.
Aiming: Throw Flame
Press: ? - help, Shift-Dir - straight line, f/p - gnoll sergeant
Aim: a gnoll sergeant, wielding a +6 spear of flaming and wearing a +0 scale mail (severely wounded, 79% to hit)
The puff of flame hits the gnoll sergeant but does no damage.
The gnoll sergeant is severely wounded.
The gnoll sergeant hits you from afar with a +6 spear of flaming.
* * * LOW HITPOINT WARNING * * *
The gnoll sergeant burns you.
* * * LOW HITPOINT WARNING * * *
Aiming: Shock (safe; 7% risk of failure)
Press: ? - help, Q - select action, (/) - cycle Shift-Dir - straight line, f/p - gnoll sergeant
Aim: a gnoll sergeant, wielding a +6 spear of flaming and wearing a +0 scale mail (severely wounded, 79% to hit)
The zap hits the gnoll sergeant.
The gnoll sergeant is severely wounded.
The gnoll sergeant hits you from afar with a +6 spear of flaming.
* * * LOW HITPOINT WARNING * * *
Aiming: Shock (safe; 7% risk of failure)
Press: ? - help, Q - select action, (/) - cycle Shift-Dir - straight line, f/p - gnoll sergeant
Aim: a gnoll sergeant, wielding a +6 spear of flaming and wearing a +0 scale mail (severely wounded, 79% to hit)
The zap hits the gnoll sergeant.
The gnoll sergeant is almost dead.
The gnoll sergeant hits you from afar with a +6 spear of flaming!
* * * LOW HITPOINT WARNING * * *
The gnoll sergeant burns you.
* * * LOW HITPOINT WARNING * * *
It was a potion of magic.
Magic courses through your body.
The gnoll sergeant hits you from afar with a +6 spear of flaming!
You die...

#### ##################
#...
#.....@)g))......###.##
#.############)#...g...
#.# ##...####g#. #.#
#.....# #.#. #.#
##...## #... #.# ##.##
###g #.# #.# #. #.# #.#
#. ###.###### ##+# ##


You could see a gnoll sergeant.

Vanquished Creatures
  A steam dragon (D:6)
  An ice beast (D:4)
  A black bear (D:4)
  2 centaurs
  2 necrophages
  A scorpion (D:5)
  5 hounds
  3 orc priests
  4 iguanas
  8 adders
  7 gnolls
  4 ufetubi
  A worm (D:5)
  2 dart slugs
  11 orcs
  7 endoplasms
  9 goblins
  14 hobgoblins
  6 jackals
  6 quokkas
  2 ball pythons
  11 bats
  A frilled lizard (D:1)
  5 kobolds
  4 rats
118 creatures vanquished.

Vanquished Creatures (others)
  3 fungi (D:4)
3 creatures vanquished.

Grand Total: 121 creatures vanquished

Notes
Turn   | Place    | Note
-------+----------+-------------------------------------------
     0 | D:1      | ragingrage the Gnoll Wanderer began the quest for the Orb.
     0 | D:1      | ragingrage set off with the following items: a +2
                  | quarterstaff, a +0 pair of gloves, a potion of berserk
                  | rage, a +0 robe; and the following spell memorised: Shock;
                  | and the following spells available to memorise: Swiftness.
     0 | D:1      | Reached XP level 1. HP: 17/17 MP: 6/6
   232 | D:1      | Reached XP level 2. HP: 17/23 MP: 3/7
   350 | D:1      | Found a faded altar of an unknown god.
   351 | D:1      | Noticed an eye of devastation
   354 | D:1      | Noticed a great orb of eyes
   354 | D:1      | Noticed a great orb of eyes
   354 | D:1      | Noticed a floating eye
  1226 | D:2      | Reached skill level 5 in Spellcasting
  1226 | D:2      | Reached XP level 3. HP: 25/28 MP: 0/9
  1605 | D:2      | Reached skill level 1 in Invocations
  2092 | D:2      | Learned a level 2 spell: Wereblood
  2416 | D:3      | Reached skill level 1 in Short Blades
  2416 | D:3      | Reached skill level 1 in Long Blades
  2416 | D:3      | Reached skill level 1 in Axes
  2416 | D:3      | Reached skill level 1 in Maces & Flails
  2416 | D:3      | Reached skill level 1 in Polearms
  2416 | D:3      | Reached skill level 1 in Ranged Weapons
  2416 | D:3      | Reached skill level 1 in Throwing
  2416 | D:3      | Reached skill level 1 in Dodging
  2416 | D:3      | Reached skill level 1 in Shields
  2416 | D:3      | Reached skill level 1 in Unarmed Combat
  2416 | D:3      | Reached skill level 1 in Evocations
  2425 | D:3      | Reached XP level 4. HP: 34/34 MP: 1/11
  2840 | D:3      | Reached skill level 1 in Conjurations
  2840 | D:3      | Reached skill level 1 in Hexes
  2840 | D:3      | Reached skill level 1 in Summonings
  2840 | D:3      | Reached skill level 1 in Necromancy
  2840 | D:3      | Reached skill level 1 in Translocations
  2840 | D:3      | Reached skill level 1 in Transmutations
  2840 | D:3      | Reached skill level 1 in Fire Magic
  2840 | D:3      | Reached skill level 1 in Ice Magic
  2840 | D:3      | Reached skill level 1 in Earth Magic
  2840 | D:3      | Reached skill level 1 in Poison Magic
  3662 | D:3      | Reached XP level 5. HP: 36/40 MP: 6/12
  4392 | D:4      | Reached XP level 6. HP: 47/47 MP: 9/14
  4398 | D:4      | Noticed an orc warrior
  4629 | D:5      | Entered Level 5 of the Dungeon
  4858 | D:4      | Noticed an ice beast
  4989 | D:4      | Found a staircase to the Ecumenical Temple.
  4999 | Temple   | Entered the Ecumenical Temple
  5338 | D:4      | Killed an ice beast
  5339 | D:4      | Reached skill level 7 in Staves
  5339 | D:4      | Reached XP level 7. HP: 52/52 MP: 7/15
  5854 | D:5      | Reached skill level 5 in Stealth
  6228 | D:5      | Noticed Eustachio
  6772 | D:5      | Reached XP level 8. HP: 52/60 MP: 10/16
  8116 | D:6      | Slain by a gnoll sergeant

Illustrated notes

Levels and vault maps discovered:
D:1:      evilmike_arrival_grusome_pit, layout_basic,
          hellmonk_ecumenical_altar_watching_god
D:2:      layout_basic
D:3:      layout_basic, st_stairs_2
D:4:      layout_basic, minmay_temple_entry_slanted, dreamdust_gnoll_farm
D:5:      layout_loops_ring, nicolae_elevator_lobby_plus, uniq_eustachio
D:6:      layout_loops_corners, serial_demonic, serial_demonic_a,
          serial_demonic_e, serial_demonic_d, serial_demonic_a,
          minmay_splitting_lines, chequers_serial_rivers_micro_d, centaur_isle
Temple:   minmay_crystal_spiral_temple

Skill      XL: |  1  2  3  4  5  6  7  8 |
---------------+-------------------------+-----
Air Magic      | 2 3 |  3.6
Spellcasting   | 5 6 |  6.1
Invocations    | 1 2 3 |  3.8
Short Blades   | 1 2 3 |  3.4
Long Blades    | 1 2 3 |  3.4
Axes           | 1 2 3 |  3.4
Maces & Flails | 1 2 3 |  3.4
Polearms       | 1 2 3 |  3.4
Ranged Weapons | 1 2 3 |  3.4
Throwing       | 1 2 3 |  3.4
Dodging        | 1 2 3 |  3.4
Shields        | 1 2 3 |  3.4
Unarmed Combat | 1 2 3 |  3.4
Evocations     | 1 2 3 |  3.4
Conjurations   | 1 2 |  2.8
Hexes          | 1 2 |  2.8
Summonings     | 1 2 |  2.8
Necromancy     | 1 2 |  2.8
Translocations | 1 2 |  2.8
Transmutations | 1 2 |  2.8
Fire Magic     | 1 2 |  2.8
Ice Magic      | 1 2 |  2.8
Earth Magic    | 1 2 |  2.8
Poison Magic   | 1 2 |  2.8
Fighting       | 3 4 |  4.4
Armour         | 3 4 |  4.4
Staves         | 7 |  7.5
Stealth        | 5 |  5.5

Action                   |  1- 3 |  4- 6 |  7- 9 || total
-------------------------+-------+-------+-------++-------
Melee: Quarterstaff      |    38 |    18 |    25 ||    81
       Bite              |     1 |       |     3 ||     4
 Cast: Shock             |    74 |   141 |   152 ||   367
Evoke: Wand              |       |       |     1 ||     1
  Use: Scroll            |     3 |       |     2 ||     5
       Potion            |       |       |     1 ||     1
 Stab: Sleeping          |     4 |       |       ||     4
Armor: Robe              |    12 |    18 |     7 ||    37
       Ring mail         |       |       |    40 ||    40
Dodge: Dodged            |    34 |    38 |    77 ||   149

Table legend: (Time is in decaauts)
 A = Elapsed time spent in this place.
 B = Non-inter-level travel time spent in this place.
 C = Inter-level travel time spent in this place.
 D = Time resting spent in this place.
 E = Time spent auto-exploring this place.
 F = Levels seen in this place.
 G = Mean time per level.
                   A        B        C        D        E       F      G
               +--------+--------+--------+--------+--------+-----+--------+
         Total |   8114 |   7656 |    458 |   1464 |   5151 |   7 | 1159.1 |
       Dungeon |   7903 |   7529 |    374 |   1464 |   5040 |   6 | 1317.2 |
        Temple |    210 |    126 |     84 |      0 |    111 |   1 |  210.0 |
               +--------+--------+--------+--------+--------+-----+--------+

Top non-repeatable levels by time:
     D:5: 1823 daAuts
     D:4: 1547 daAuts
     D:2: 1495 daAuts
     D:3: 1455 daAuts
     D:1: 1070 daAuts
     D:6: 510 daAuts
  Temple: 210 daAuts
